AoeStats
← Rupert

Lombardia

507370161Analyzed
2v2 RM · 2mo ago on Sep 17, 2026· 51m 33s· 4 players
Game mode
Random Map
Map size
Medium (4 player)
Population
200
Speed
Normal
Resources
Standard
Victory
Conquest
Starting age
Dark Age
Ending age
Imperial Age
RankedLock teamsTeams togetherTeam positionsShared explorationLock speedFull tech treeHidden civsTurbo modeCheats
Victory
Defeat
🇦🇷 Goths · Argentina
1130
+18
🇦🇷 Mongols · Argentina
1124
+18
vs
🇨🇱 Italians · Chile
1184
-18
🇧🇷 Lithuanians · Brazil
1159
-18
Rupert
3:02 Loom
9:36 Feudal Age
10:35 Double-Bit Axe
13:00 Forging
14:51 Wheelbarrow
20:21 Castle Age
19:42 Gold Mining
20:03 Scale Barding Armor
21:36 Chain Barding Armor
21:58 Bloodlines
22:29 Husbandry
24:27 Iron Casting
28:59 Stone Mining
32:47 Fletching
33:44 Bow Saw
35:34 Bodkin Arrow
39:12 Imperial Age
37:49 Devotion
39:48 Heavy Camel Rider
41:43 Gold Shaft Mining
41:45 Stone Shaft Mining
42:15 Blast Furnace
43:19 Ballistics
44:15 Conscription
45:20 Elite Mangudai
46:58 Thumb Ring
47:30 Parthian Tactics
47:08 Horse Collar
49:51 Light Cavalry
52:46 Chemistry
martin.eg
8:23 Loom
10:12 Feudal Age
10:38 Double-Bit Axe
10:14 Man-at-Arms
22:24 Stone Mining
22:29 Gold Mining
22:23 Horse Collar
27:30 Castle Age
26:03 Scale Mail Armor
26:34 Forging
29:24 Town Watch
31:04 Wheelbarrow
30:19 Pikeman
31:00 Squires
33:16 Anarchy
35:10 Bow Saw
36:03 Devotion
37:17 Hand Cart
41:32 Imperial Age
41:01 Iron Casting
40:41 Chain Mail Armor
40:43 Town Patrol
42:18 Perfusion
43:19 Elite Huskarl
45:40 Blast Furnace
44:06 Halberdier
47:24 Chemistry
48:25 Two-Man Saw
GOOLFYZERA
5:12 Loom
11:34 Feudal Age
15:58 Castle Age
18:09 Double-Bit Axe
19:33 Scale Barding Armor
24:55 Bloodlines
25:08 Chain Barding Armor
25:42 Forging
25:29 Horse Collar
29:32 Iron Casting
30:28 Husbandry
31:18 Stone Mining
31:19 Gold Mining
33:25 Heavy Plow
34:09 Wheelbarrow
35:27 Stone Shaft Mining
39:12 Hand Cart
41:38 Imperial Age
40:31 Bow Saw
41:30 Caravan
41:45 Cavalier
43:24 Plate Barding Armor
43:26 Conscription
42:36 Pikeman
44:27 Crop Rotation
45:00 Two-Man Saw
44:19 Halberdier
45:06 Tower Shields
45:45 Scale Mail Armor
46:31 Squires
46:49 Chain Mail Armor
46:13 Paladin
47:44 Arson
Tirano
5:06 Loom
11:44 Feudal Age
15:54 Castle Age
14:46 Fletching
22:47 Bodkin Arrow
25:42 Double-Bit Axe
30:17 Horse Collar
31:42 Stone Mining
34:25 Bow Saw
36:26 Wheelbarrow
35:37 Town Watch
35:55 Padded Archer Armor
42:38 Imperial Age
40:25 Hand Cart
40:11 Town Patrol
40:45 Leather Archer Armor
41:01 Gold Mining
41:34 Ballistics
43:25 Bracer
44:30 Chemistry
43:12 Treadmill Crane
45:07 Ring Archer Armor
45:43 Elite Genoese Crossbowman
47:05 Conscription
51:58 Hoardings
Connection lost

Rejoining the realm…

Still unreachable

The connection could not be restored.

Session expired

The server has moved on; the page needs a fresh start.